 Dungeon Crawl Stone Soup version 0.29-a0-207-gf982a884d8 (webtiles) character file.

Game seed: 16109211243175639648

2942 bande the Cleaver (level 9, -3/56 HPs)
             Began as a Gargoyle Fighter on Feb 23, 2022.
             Slain by Joseph
             ... wielding a +5 vorpal quarterstaff
              (7 damage)
             ... on level 7 of the Dungeon.
             The game lasted 00:10:48 (9431 turns).

bande the Cleaver (Gargoyle Fighter)                Turns: 9431, Time: 00:10:48

Health: -3/56      AC: 18    Str: 20    XL:     9   Next: 80%
Magic:  9/9        EV:  7    Int:  9    God:
Gold:   503        SH:  7    Dex: 15    Spells: 8/8 levels left

rFire   + . .      SeeInvis .   l - +1 hand axe (elec)
rCold   . . .      Faith    .   c - +1 buckler
rNeg    + . .      Spirit   .   t - +0 chain mail
rPois   ∞          Reflect  .   y - +0 helmet
rElec   +          Harm     .   (no cloak)
rCorr   .          Rampage  .   (no gloves)
Will    .....                   (no boots)
Stlth   ..........              (no amulet)
HPRegen 0.18/turn               (no ring)
MPRegen 0.11/turn               (no ring)

@: no status effects
A: sickness immunity, AC +6, negative energy resistance 1, electricity
resistance, torment resistance 1, petrification resistance, thin skeletal
structure 1, fire resistance 1
a: no special abilities


You were on level 7 of the Dungeon.
You visited 2 branches of the dungeon, and saw 9 of its levels.

You collected 503 gold pieces.

Inventory:

Hand Weapons
 a - a +2 war axe of chaos
 l - a +1 hand axe of electrocution (weapon)
 n - a +0 flail
 u - a +1 war axe of freezing
Armour
 c - a +1 buckler (worn)
 t - a +0 chain mail (worn)
 y - a +0 helmet (worn)
Scrolls
 b - a scroll of brand weapon
 i - a scroll of enchant weapon
 p - 3 scrolls of amnesia
 q - a scroll of enchant armour
 s - 4 scrolls of teleportation
 v - a scroll of blinking
 w - a scroll of identify
Potions
 d - 2 potions of might
 e - 2 potions of heal wounds
 f - a potion of berserk rage {unknown}
 g - 6 potions of curing
 h - a potion of mutation
 j - 2 potions of brilliance
 k - 4 potions of flight
 m - 2 potions of haste {unknown}
 o - a potion of degeneration {unknown}
 r - a potion of attraction {unknown}
 x - a potion of invisibility {unknown}


   Skills:
 + Level 6.5 Fighting
 + Level 8.3 Axes
 + Level 8.2 Armour
 - Level 0.5 Stealth
 + Level 6.3 Shields


You had 8 spell levels left.
You didn't know any spells.
Your spell library contained the following spells:

 Spells                   Type           Power      Damage    Failure   Level
 Petrify                  Tmut/Erth      0%         N/A       100%        4
 Summon Ice Beast         Ice/Summ       0%         N/A       100%        4
 Irradiate                Conj/Tmut      0%         3d13      100%        5
 Summon Mana Viper        Hex/Summ       0%         N/A       100%        5
 Monstrous Menagerie      Summ           0%         N/A       100%        7
 Sublimation of Blood     Necr           Unusable   N/A       N/A         2

Dungeon Overview and Level Annotations

Branches:
Dungeon (8/15)             Temple (1/1) D:6
   Lair: D:8-11

Altars:
Ashenzari
Cheibriados
Dithmenos
Fedhas
Gozag
Hepliaklqana
Kikubaaqudgha
Makhleb
Okawaru
Qazlal
Ru
Sif Muna
Trog
Uskayaw
Vehumet
Wu Jian
Xom
Yredelemnul
Zin
The Shining One

Shops:
D:5 ?!*[*

Annotations:
D:3 2 transporters
D:7 Joseph


Innate Abilities, Weirdness & Mutations

You are immune to sickness and miasma.
Your stone body is resilient. (AC +6)
You are immune to poison.
You resist negative energy. (rN+)
You are resistant to electric shocks. (rElec)
You are resistant to unholy torment.
You are immune to petrification.
You have a somewhat thin skeletal structure. (Dex +2, Stealth+)
Your flesh is heat resistant. (rF+)


Message History

Joseph shoots a sling bullet.
The sling bullet hits you!
Joseph unwields a +0 hunting sling.
Joseph wields a +5 vorpal quarterstaff.
Joseph barely misses you.
You hit Joseph.
Joseph is lightly wounded.
You barely miss Joseph.
Joseph is lightly wounded.
Joseph closely misses you.
You slash Joseph!
Joseph is moderately wounded.
Joseph hits you with a +5 vorpal quarterstaff!
You are too injured to fight recklessly!
You are too injured to fight recklessly!
You are too injured to fight recklessly!
You are too injured to fight recklessly!
You are too injured to fight recklessly!
You are too injured to fight recklessly!
You are too injured to fight recklessly!
You are too injured to fight recklessly!
You hit Joseph.
Joseph is moderately wounded.
Joseph hits you with a +5 vorpal quarterstaff.
You slash Joseph!
Joseph is moderately wounded.
Joseph hits you with a +5 vorpal quarterstaff.
* * * LOW HITPOINT WARNING * * *
x2 You closely miss Joseph.
Joseph is moderately wounded.
Joseph hits you but does no damage.
You barely miss Joseph.
Joseph is moderately wounded.
You block Joseph's attack.
You hit Joseph.
Joseph is heavily wounded.
Joseph hits you with a +5 vorpal quarterstaff!
* * * LOW HITPOINT WARNING * * *
x2 You slash Joseph!
Joseph is heavily wounded.
Joseph hits you with a +5 vorpal quarterstaff!
You die...

#.# ### #######.#
#.###.......#####
#...............#
#.###.#####.##### #.# #.#
#.# #.# #.# #.#
##.###.#####.#..
#.......@@.#.#.#
#..#.#####.#.#.#
#..#....##.#.#.#
#..#.##.##.#.#.#
#....##......#.# #######
####.##.#####.###.# #......
#.......##........####......
##)#.#####.##...............
#.#.....#.#.....#####......


You could see Joseph.

Vanquished Creatures
  A two-headed ogre (D:7)
  A troll (D:7)
  An orc warrior (D:8)
  2 sky beasts
  2 necrophages
  2 ogres
  An ice beast (D:5)
  A phantom (D:5)
  2 kobold brigands
  2 bullfrogs
  4 killer bees
  A howler monkey (D:7)
  3 jellies
  A bullfrog zombie (D:7)
  A centaur zombie (D:7)
  3 hounds
  A centaur skeleton (D:7)
  5 orc priests
  2 bullfrog skeletons (D:5)
  2 iguanas
  Terence (D:2)
  A scorpion zombie (D:5)
  2 orc wizards (D:8)
  Natasha (thrice) (D:2)
  A howler monkey skeleton (D:7)
  6 adders
  An ufetubus (D:3)
  A worm (D:3)
  2 dart slugs
  12 orcs
  8 ball pythons
  14 endoplasms
  4 giant cockroaches
  7 goblins
  5 hobgoblins
  23 kobolds
  4 quokkas
  3 bats
  2 frilled lizards
  8 rats
146 creatures vanquished.

Vanquished Creatures (others)
  An endoplasm (D:3)
  3 fungi (D:3)
  6 plants (D:3)
  7 toadstools (D:3)
17 creatures vanquished.

Grand Total: 163 creatures vanquished

Notes
Turn   | Place    | Note
-------+----------+-------------------------------------------
     0 | D:1      | bande the Gargoyle Fighter began the quest for the Orb.
     0 | D:1      | Reached XP level 1. HP: 14/14 MP: 1/1
   216 | D:1      | Reached XP level 2. HP: 19/19 MP: 2/2
   347 | D:1      | Found a faded altar of an unknown god.
   678 | D:1      | Reached XP level 3. HP: 23/23 MP: 3/3
  1165 | D:2      | Noticed Natasha
  1170 | D:2      | Killed Natasha
  1171 | D:2      | Reached XP level 4. HP: 27/29 MP: 4/4
  1485 | D:2      | Noticed Terence
  1499 | D:2      | Killed Terence
  1798 | D:2      | Noticed Natasha
  1812 | D:2      | Killed Natasha
  1813 | D:2      | Reached XP level 5. HP: 5/33 MP: 5/5
  2461 | D:2      | Noticed Natasha
  2472 | D:2      | Killed Natasha
  2846 | D:3      | Noticed a necrophage
  2875 | D:3      | Killed a necrophage
  2876 | D:3      | Reached XP level 6. HP: 31/38 MP: 6/6
  3033 | D:3      | Found a hazy altar of Hepliaklqana.
  3034 | D:3      | Found an iron altar of Okawaru.
  3035 | D:3      | Found a burning altar of Makhleb.
  3113 | D:3      | Found a shadowy altar of Dithmenos.
  3224 | D:3      | Found a stormy altar of Qazlal.
  3285 | D:3      | Found a transporter.
  3334 | D:3      | Identified the +5 trident "Dasmar" {venom, Drain rC++ Str+8
                  | Dex+2}
  3334 | D:3      | Identified the +1 ring mail of Hafrahar {rF+ Regen+ Dex+2
                  | Stlth+}
  3343 | D:3      | Found a transporter.
  4709 | D:4      | Gained mutation: Your flesh is heat resistant. (rF+)
                  | [potion of mutation]
  4709 | D:4      | Gained mutation: You have a somewhat thin skeletal
                  | structure. (Dex +2, Stealth+) [potion of mutation]
  4803 | D:4      | Reached XP level 7. HP: 30/44 MP: 7/7
  5016 | D:5      | Entered Level 5 of the Dungeon
  5070 | D:5      | Reached skill level 5 in Armour
  5172 | D:5      | Reached skill level 5 in Axes
  5237 | D:5      | Found Xoniry's Distillery.
  5389 | D:5      | Found an opulent altar of Gozag.
  5692 | D:5      | Reached skill level 5 in Fighting
  5989 | D:5      | Reached XP level 8. HP: 39/49 MP: 8/8
  6054 | D:5      | Found Vaejeuxt's Magic Scroll Shoppe.
  6185 | D:5      | Found Eshreapa's General Store.
  6217 | D:5      | Found Iciley's Antique Armour Boutique.
  6234 | D:5      | Found Utoewo's Assorted Antiques.
  6246 | D:5      | Reached skill level 5 in Shields
  6613 | D:6      | Found an ornate altar of the Wu Jian Council.
  6678 | D:6      | Found a staircase to the Ecumenical Temple.
  6698 | Temple   | Entered the Ecumenical Temple
  7600 | D:7      | Noticed a two-headed ogre
  7666 | D:8      | Reached XP level 9. HP: 24/55 MP: 9/9
  8224 | D:7      | Noticed a troll
  8233 | D:7      | Killed a troll
  8507 | D:7      | Killed a two-headed ogre
  9417 | D:7      | Noticed Joseph
  9431 | D:7      | Slain by Joseph

Illustrated notes

Levels and vault maps discovered:
D:1:      dpeg_arrival_three_same_balls, layout_basic,
          shapermc_ecumenical_altar_mp_ritualfount
D:2:      layout_loops_corners, st_stairs_13, uniq_terence, uniq_natasha
D:3:      cheibrodos_fertilizer, layout_rooms, grunt_qazlal_clouds,
          lemuel_crystal_altar, chequers_temple_overflow_statue_of_worship,
          gammafunk_ghost_gnarly_gnolls, eino_curves_02
D:4:      layout_rooms
D:5:      layout_gridville, serial_shops, shop_fountains, shop,
          nicolae_shop_advertising_works [nicolae_subvault_shop_adworks],
          nicolae_square_shop, shop_statue, minmay_ruined_shrine
D:6:      layout_gridville, amcnicky_altar_gilded,
          minmay_temple_entry_junction_2
D:7:      layout_basic, chequers_decorated_corner, uniq_joseph
D:8:      layout_basic, mainiacjoe_overflow_surrounded_room, uniq_maggie
Temple:   eino_temple_water

Skill      XL: |  1  2  3  4  5  6  7  8  9 |
---------------+----------------------------+-----
Axes           | 2 3 4 5 6 8 |  8.3
Armour         | 4 5 7 8 |  8.2
Fighting       | 4 5 6 |  6.5
Shields        | 4 5 6 |  6.3
Stealth        | |  0.5

Action                   |  1- 3 |  4- 6 |  7- 9 || total
-------------------------+-------+-------+-------++-------
Melee: War axe           |    61 |    98 |       ||   159
       Hand axe          |       |    76 |   258 ||   334
  Use: Scroll            |     4 |     8 |     3 ||    15
       Potion            |       |     1 |       ||     1
Armor: Scale mail        |    38 |    80 |     1 ||   119
       Chain mail        |       |       |   181 ||   181
Dodge: Dodged            |    34 |    83 |    93 ||   210
Block: Buckler           |    14 |    47 |    87 ||   148

Table legend: (Time is in decaauts)
 A = Elapsed time spent in this place.
 B = Non-inter-level travel time spent in this place.
 C = Inter-level travel time spent in this place.
 D = Time resting spent in this place.
 E = Time spent auto-exploring this place.
 F = Levels seen in this place.
 G = Mean time per level.
                   A        B        C        D        E       F      G
               +--------+--------+--------+--------+--------+-----+--------+
         Total |   9513 |   9449 |     64 |   3438 |   4547 |   9 | 1057.0 |
       Dungeon |   9225 |   9161 |     64 |   3438 |   4355 |   8 | 1153.1 |
        Temple |    287 |    287 |      0 |      0 |    192 |   1 |  287.0 |
               +--------+--------+--------+--------+--------+-----+--------+

Top non-repeatable levels by time:
     D:2: 2183 daAuts
     D:7: 1600 daAuts
     D:5: 1296 daAuts
     D:3: 1200 daAuts
     D:4: 1165 daAuts
     D:1: 718 daAuts
     D:6: 663 daAuts
     D:8: 397 daAuts
  Temple: 287 daAuts
